 Dungeon Crawl Stone Soup version 0.31-a0-232-gb1c03b2570 (webtiles) character file.

Game seed: 13734245500527011750

470 qw the Shooter (level 7, -1/43 HPs)
             Began as a Gargoyle Hexslinger on July 7, 2023.
             Slain by a gnoll
             ... wielding a +0 spear
             ... led by a gnoll bouda
              (3 damage)
             ... on level 5 of the Dungeon.
             The game lasted 00:01:37 (3608 turns).

qw the Shooter (Gargoyle Hexslinger)                Turns: 3608, Time: 00:01:38

Health: -1/43      AC: 11    Str: 11    XL:     7   Next: 9%
Magic:  8/8        EV: 15    Int: 17    God:
Gold:   245        SH:  0    Dex: 14    Spells: 7/8 levels left

rFire   + . .        Y - +2 sling
rCold   . . .        (no shield)
rNeg    + . .        a - +0 ring mail of Iffef {rElec Will+ Int+3}
rPois   inf          (no helmet)
rElec   +            (no cloak)
rCorr   .            g - +0 pair of gloves
SInv    .            (no boots)
Will    +....        (no amulet)
Stlth   +            b - +5 ring of evasion
HPRegen 0.27/turn    k - ring of protection from fire
MPRegen 0.11/turn

%: no passive effects
@: no status effects
A: sickness immunity, AC +4, negative energy resistance 1, electricity
resistance, torment resistance 1, petrification resistance
a: no special abilities


You were on level 5 of the Dungeon.
You visited 1 branch of the dungeon, and saw 5 of its levels.

You collected 245 gold pieces.


Innate Abilities, Weirdness & Mutations

You are immune to sickness and miasma.
Your stone body is resilient. (AC +4)
You are immune to poison.
You resist negative energy. (rN+)
You are resistant to electric shocks. (rElec)
You are resistant to unholy torment.
You are immune to petrification.


   Skills:
 - Level 4.1 Fighting
 + Level 6.2 Ranged Weapons
 - Level 1.0 Armour
 - Level 1.5 Dodging
 - Level 1.0 Spellcasting
 - Level 2.6 Hexes


You had 7 spell levels left.
You knew the following spells:

 Your Spells              Type           Power      Damage    Failure   Level
a - Slow                  Hex            36%        N/A       17%         1

Your spell library contained the following spells:

 Spells                   Type           Power      Damage    Failure   Level
 Inner Flame              Hex/Fire       5%         N/A       65%         3
 Portal Projectile        Hex/Tloc       10%        N/A       65%         3
 Cause Fear               Hex            4%         N/A       86%         4

Inventory:

Hand Weapons
 Y - a +2 sling (weapon)
Armour
 a - the +0 ring mail of Iffef (worn) {rElec Will+ Int+3}
   (You found it on level 4 of the Dungeon)

   Int:       It affects your intelligence (+3).
   rElec:     It insulates you from electricity.
   Will:      It increases your willpower.
 g - a +0 pair of gloves (worn)
Jewellery
 b - a +5 ring of evasion (left hand)
 k - a ring of protection from fire (right hand)
Scrolls
 h - a scroll of identify
Potions
 f - a potion of berserk rage {unknown}
 i - a potion of mutation {unknown}
 l - a potion of curing {unknown}
 m - a potion of degeneration {unknown}

Dungeon Overview and Level Annotations

Branches:
Dungeon (5/15)
 Temple: D:4-7

Altars:
Dithmenos
Fedhas
Gozag
Wu Jian
The Shining One

Annotations:
D:5 1 transporter


Message History

The gnoll barely misses you. The gnoll hits you with a +0 whip.
You shoot a sling bullet. The sling bullet hits the gnoll.
You kill the gnoll!
The gnoll barely misses you. x2; The gnoll hits you with a +0 whip.
You shoot a sling bullet. The sling bullet hits the gnoll.
The gnoll is lightly wounded.
The gnoll hits you but does no damage. The gnoll completely misses you.
The gnoll misses you.
You shoot a sling bullet.
The sling bullet closely misses the gnoll.
The gnoll closely misses you. x2
You shoot a sling bullet. The sling bullet hits the gnoll.
The gnoll is moderately wounded.
The gnoll hits you with a +0 whip. The gnoll closely misses you.
You shoot a sling bullet.
The sling bullet closely misses the gnoll.
The gnoll hits you but does no damage. The gnoll completely misses you.
The gnoll hits you with a +0 whip.
You shoot a sling bullet.
The sling bullet hits the gnoll but does no damage.
The gnoll is moderately wounded.
The gnoll closely misses you. The gnoll completely misses you.
You shoot a sling bullet.
The sling bullet closely misses the gnoll.
The gnoll closely misses you. The gnoll hits you with a +0 whip.
The gnoll barely misses you.
You shoot a sling bullet.
The sling bullet completely misses the gnoll.
The gnoll completely misses you. The gnoll hits you but does no damage.
You shoot a sling bullet.
The sling bullet closely misses the gnoll.
The gnoll barely misses you. The gnoll hits you but does no damage.
You shoot a sling bullet. The sling bullet hits the gnoll.
The gnoll is moderately wounded.
The gnoll hits you but does no damage. The gnoll misses you.
The gnoll closely misses you.
You shoot a sling bullet. The sling bullet hits the gnoll.
The gnoll is heavily wounded.
The gnoll hits you from afar with a +0 spear.
You die...

........#########
#......
#...............##
#......
.............)...#
#......
..^..............#
#..%...
####.......###...#
####......
#x###...###K##..#
..........# #
##..# .#.#..#
..........# ####9.
##..# ............
.[ ... #@).#
............
....#.##.g..#
########....
#....#.#....g...
#....
..###........
#.... ## ##.......
#.... #.......
#.... #.......
#.... .......
#.... #####


You could see 2 gnolls.

Vanquished Creatures
  A phantom (D:4)
  A scorpion (D:4)
  2 hounds
  A gnoll bouda (D:5)
  A sleepcap (D:4)
  Terence (D:2)
  5 gnolls
  3 adders
  7 worms
  3 dart slugs
  4 orcs (D:4)
  5 bats
  11 endoplasms
  5 giant cockroaches
  4 hobgoblins
  6 jackals
  11 kobolds
  3 quokkas
  7 ball pythons
  6 frilled lizards
  9 goblins
  2 rats
98 creatures vanquished.

Notes
Turn   | Place    | Note
-------+----------+-------------------------------------------
     0 | D:1      | qw the Gargoyle Hexslinger began the quest for the Orb.
     0 | D:1      | Reached XP level 1. HP: 12/12 MP: 2/2
     0 | D:1      | 0 ||| qw: Version: 0.3-a-46-gb1f654a
     0 | D:1      | 0 ||| qw: Game counter: 2926
     0 | D:1      | 0 ||| qw: Melee chars always use a shield: true
     0 | D:1      | 0 ||| qw: God list: Okawaru
     0 | D:1      | 0 ||| qw: Allow faded altars: false
     0 | D:1      | 0 ||| qw: Do Orc after clearing Dungeon:15 true
     0 | D:1      | 0 ||| qw: Do second Lair branch before Depths: true
     0 | D:1      | 0 ||| qw: Lair rune preference: random
     0 | D:1      | 0 ||| qw: Goals: Normal
     0 | D:1      | 0 ||| PLANNING D:1-11
   131 | D:1      | Reached XP level 2. HP: 16/16 MP: 3/3
   245 | D:1      | Reached skill level 3 in Ranged Weapons
   551 | D:1      | Reached XP level 3. HP: 17/21 MP: 4/4
   896 | D:1      | 896 ||| UPGRADING to +0 pair of gloves.
   901 | D:1      | 901 ||| READING scroll labelled QIZXAALIOC.
   902 | D:1      | 902 ||| READING scroll labelled LUASUCEA CIGEST.
   903 | D:1      | 903 ||| DROPPING scroll of poison.
   988 | D:2      | Noticed Terence
  1000 | D:2      | HP: 5/21 [Terence/+0 flail (4)]
  1001 | D:2      | Killed Terence
  1002 | D:2      | Reached skill level 4 in Ranged Weapons
  1002 | D:2      | Reached XP level 4. HP: 7/26 MP: 5/5
  1890 | D:2      | Reached XP level 5. HP: 30/30 MP: 6/6
  1903 | D:2      | 1903 ||| UPGRADING to +0 ring mail.
  1913 | D:2      | 1913 ||| DROPPING +0 robe.
  1914 | D:2      | 1914 ||| UPGRADING to +5 ring of evasion.
  1915 | D:2      | 1915 ||| READING scroll labelled POKIGI CIUSU.
  2089 | D:3      | Reached skill level 1 in Armour
  2125 | D:3      | Found an ornate altar of the Wu Jian Council.
  2125 | D:3      | Found a shadowy altar of Dithmenos.
  2133 | D:3      | Found an opulent altar of Gozag.
  2144 | D:3      | Found a glowing golden altar of the Shining One.
  2146 | D:3      | Found a blossoming altar of Fedhas.
  2476 | D:3      | 2476 ||| UPGRADING to ring of protection from fire.
  2477 | D:3      | 2477 ||| READING scroll labelled FYAC PUME.
  2478 | D:3      | 2478 ||| READING scroll labelled UQIEQ NOASSOI.
  2479 | D:3      | 2479 ||| READING scroll labelled BOOSEXAHUM.
  2480 | D:3      | 2480 ||| READING 2 scrolls of identify.
  2480 | D:3      | 2480 ||| IDENTIFYING green potion
  2481 | D:3      | 2481 ||| DROPPING potion of lignification.
  2527 | D:4      | Identified the +0 ring mail of Iffef {rElec Will+ Int+3}
  2587 | D:4      | Noticed a phantom
  2607 | D:4      | Killed a phantom
  2608 | D:4      | Reached skill level 5 in Ranged Weapons
  2608 | D:4      | Reached XP level 6. HP: 23/35 MP: 7/7
  2942 | D:4      | Reached skill level 3 in Fighting
  3089 | D:4      | Reached skill level 6 in Ranged Weapons
  3420 | D:4      | 3420 ||| UPGRADING to +0 ring mail of Iffef {rElec Will+
                  | Int+3}.
  3430 | D:4      | 3430 ||| DROPPING +0 ring mail.
  3431 | D:4      | 3431 ||| READING scroll labelled BAISHA OGIEGG.
  3432 | D:4      | 3432 ||| DRINKING 2 yellow potions.
  3433 | D:4      | 3433 ||| READING 2 scrolls of identify.
  3433 | D:4      | 3433 ||| IDENTIFYING dark potion
  3434 | D:4      | 3434 ||| DROPPING potion of ambrosia.
  3464 | D:5      | Entered Level 5 of the Dungeon
  3532 | D:5      | Reached XP level 7. HP: 43/43 MP: 8/8
  3560 | D:5      | Found a transporter.
  3569 | D:5      | Noticed a toenail golem
  3593 | D:5      | HP: 9/43 [gnoll/+0 whip[a gnoll bouda] (3)]
  3594 | D:5      | 3594 ||| DRINKING potion of heal wounds.
  3601 | D:5      | HP: 10/43 [gnoll/+0 whip[a gnoll bouda] (5)]
  3604 | D:5      | HP: 1/43 [gnoll/+0 whip[a gnoll bouda] (6)]
  3608 | D:5      | Slain by a gnoll

Levels and vault maps discovered:
D:1:      psy_arrival_statuary, layout_basic, st_stairs_6
D:2:      layout_basic, uniq_terence
D:3:      layout_rooms, chequers_temple_overflow_minitemple, interstate_on_off
D:4:      minmay_wonky_spiral, layout_cave_pods, kennysheep_nondescript,
          st_stairs_9, minmay_fountain_box
D:5:      minmay_spotlight, layout_basic, mainiacjoe_overflow_alcove_2,
          gammafunk_ghost_abyssal_escape, serial_shops,
          nicolae_shop_just_a_little_nook, lemuel_flamethrower_2, uniq_eustachio

Skill      XL: |  1  2  3  4  5  6 |
---------------+-------------------+-----
Ranged Weapons | 3 4 5 6 |  6.2
Fighting       | 2 4 |  4.1
Armour         | 1 |  1.0
Dodging        | |  1.5
Spellcasting   | |  1.0
Hexes          | |  2.6

Action                     |  1- 3 |  4- 6 |  7- 9 || total
---------------------------+-------+-------+-------++-------
   Fire: Sling             |   118 |   270 |    30 ||   418
    Use: Scroll            |     2 |     7 |       ||     9
         Potion            |       |     1 |     1 ||     2
 Armour: Robe              |    24 |    15 |       ||    39
         Ring mail         |       |    33 |    15 ||    48
  Dodge: Dodged            |    64 |   107 |    55 ||   226

Table legend:
 A = Non-vault XP
 B = Vault XP
 C = Vault XP percentage of total XP
 D = Non-vault monster count
 E = Vault monster count
 F = Vault count percentage of total count
                 A         B        C        D         E       F
            +---------+---------+-------+---------+---------+-------
      Total |     537 |     135 |  20.1 |      88 |      10 |  10.2
            +---------+---------+-------+---------+---------+-------
        D:1 |      45 |       4 |   8.2 |      27 |       2 |   6.9
        D:2 |      81 |      36 |  30.8 |      26 |       1 |   3.7
        D:3 |      41 |       0 |   0.0 |      12 |       0 |   0.0
        D:4 |     276 |      95 |  25.6 |      20 |       7 |  25.9
        D:5 |      94 |       0 |   0.0 |       3 |       0 |   0.0
            +---------+---------+-------+---------+---------+-------
